 Dungeon Crawl Stone Soup version 0.26.0-10-g1f06aea511 (webtiles) character file.

Game seed: 1118161924977298962

585 theswoord the Twirler (level 7, -3/52 HPs)
             Began as a Demonspawn Monk on Jan 13, 2021.
             Slain by Nebesus's ghost (10 damage)
             ... on level 3 of the Dungeon.
             The game lasted 00:04:41 (3120 turns).

theswoord the Twirler (Demonspawn Monk)             Turns: 3120, Time: 00:04:41

Health: -3/52      AC: 11    Str: 13    XL:     7   Next: 15%
Magic:  0/7        EV:  4    Int: 11    God:
Gold:   232        SH:  0    Dex: 18    Spells: 6/6 levels left

rFire    . . .     SeeInvis .   a - +0 mace
rCold    + . .     Faith    .   (no shield)
rNeg     . . .     Spirit   +   f - +0 plate armour
rPois    .         Reflect  .   (no helmet)
rElec    .         Harm     .   (no cloak)
rCorr    .         Rampage  .   (no gloves)
Will     .....                  d - +0 pair of boots
Stlth    ..........             e - amulet of guardian spirit (curse)
HPRegen  0.17/turn              o - ring of protection from cold
MPRegen  0.10/turn              (no ring)

@: flying
A: thin skeletal structure 1, spiny 1
a: no special abilities


You were on level 3 of the Dungeon.
You visited 1 branch of the dungeon, and saw 4 of its levels.

You collected 232 gold pieces.

Inventory:

Hand Weapons
 a - a +0 mace (weapon)
Armour
 b - a +0 robe
 d - a +0 pair of boots (worn)
 f - a +0 plate armour (worn)
Jewellery
 e - a cursed amulet of guardian spirit (around neck)
 j - an uncursed ring of ice
 o - a ring of protection from cold (left hand)
Scrolls
 c - 2 scrolls of teleportation {unknown}
 g - 5 scrolls of identify {unknown}
 i - a scroll of magic mapping {unknown}
 m - 2 scrolls of remove curse {unknown}
 n - a scroll of enchant weapon {unknown}
 q - a scroll of immolation {unknown}
Potions
 p - a potion of magic {unknown}


   Skills:
 - Level 3.0 Fighting
 - Level 2.6(5.1) Maces & Flails
 + Level 6.9(7.2) Staves
 - Level 2.6 Dodging
 - Level 1.7 Stealth


You had 6 spell levels left.
You didn't know any spells.
Your spell library was empty.

Dungeon Overview and Level Annotations

Branches:
Dungeon (4/15)
 Temple: D:4-7

Altars:
Elyvilon

Annotations:
D:3 Nebesus's ghost, amateur GrFi


Innate Abilities, Weirdness & Mutations

You have a somewhat thin skeletal structure. (Dex +2, Stealth)
You are partially covered in sharp spines.


Message History

Nebesus's ghost is heavily damaged.
Nebesus's ghost hits you but does no damage.
You closely miss Nebesus's ghost.
Nebesus's ghost is heavily damaged.
Nebesus's ghost hits you but does no damage.
You barely miss Nebesus's ghost.
Nebesus's ghost is heavily damaged.
Nebesus's ghost hits you but does no damage.
You hit Nebesus's ghost but do no damage.
Nebesus's ghost is heavily damaged.
Nebesus's ghost hits you but does no damage.
You barely miss Nebesus's ghost.
Nebesus's ghost is heavily damaged.
Nebesus's ghost hits you.
* * * LOW HITPOINT WARNING * * *
You hit Nebesus's ghost but do no damage.
Nebesus's ghost is heavily damaged.
Nebesus's ghost is struck by your spines.
Nebesus's ghost hits you!
You die...

######## # ####### ##...#...
#.#.#.#@# ##........ #....Z#W#
#......... #....K.##....'Z##
#......... ....o..#.?...'))#
#......... #S.....##$...'..#
##..)..... ##.o..o#.....#..#
###.....#...
.......#.#.#.#..####....#####(#
.....o.########........## #....
.........###.S..###......#
#..##


You could see Nebesus's ghost, a centaur zombie and a bullfrog skeleton.

Vanquished Creatures
  2 ogres (D:4)
  A scorpion (D:4)
  An orc priest (D:3)
  2 orc wizards
  An iguana (D:4)
  A worker ant (D:4)
  4 gnolls
  A howler monkey skeleton (D:4)
  8 adders
  2 oozes (D:2)
  An adder skeleton (D:4)
  A worm (D:3)
  3 dart slugs
  3 leopard geckos
  6 orcs
  4 giant cockroaches
  9 goblins
  4 hobgoblins
  6 jackals
  7 kobolds
  3 quokkas
  10 bats
  9 frilled lizards
  8 rats
97 creatures vanquished.

Vanquished Creatures (others)
  11 plants
  3 toadstools (D:1)
14 creatures vanquished.

Grand Total: 111 creatures vanquished

Notes
Turn   | Place    | Note
-------+----------+-------------------------------------------
     0 | D:1      | theswoord the Demonspawn Monk began the quest for the Orb.
     0 | D:1      | Reached XP level 1. HP: 18/18 MP: 1/1
   142 | D:1      | Reached skill level 1 in Staves
   564 | D:1      | Gained mutation: You are partially covered in sharp spines.
                  | [demonic ancestry]
   564 | D:1      | Reached XP level 2. HP: 24/24 MP: 2/2
   695 | D:1      | Reached skill level 2 in Staves
  1155 | D:2      | Gained mutation: You have a somewhat thin skeletal
                  | structure. (Dex +2, Stealth) [demonic ancestry]
  1155 | D:2      | Reached XP level 3. HP: 23/29 MP: 3/3
  1300 | D:2      | You fall into a shaft and drop 2 floors!
  1300 | D:4      | Noticed an ogre
  1304 | D:4      | Killed an ogre
  1305 | D:4      | Reached skill level 4 in Staves
  1305 | D:4      | Reached XP level 4. HP: 34/35 MP: 4/4
  1442 | D:4      | Reached XP level 5. HP: 35/41 MP: 5/5
  1596 | D:4      | Noticed an ogre
  1614 | D:4      | Reached skill level 5 in Staves
  1621 | D:4      | Killed an ogre
  1622 | D:4      | Reached XP level 6. HP: 9/47 MP: 1/6
  1938 | D:3      | Reached skill level 6 in Staves
  1970 | D:2      | Found a white marble altar of Elyvilon.
  2750 | D:3      | Reached XP level 7. HP: 52/52 MP: 7/7
  3035 | D:3      | Found a runed translucent gate.
  3036 | D:3      | Found a runed translucent gate.
  3062 | D:3      | Found a runed translucent gate.
  3064 | D:3      | Noticed Nebesus's ghost (amateur GrFi)
  3108 | D:3      | HP: 2/52 [Nebesus's ghost (5)]
  3120 | D:3      | Slain by Nebesus's ghost

Skill      XL: |  1  2  3  4  5  6 |
---------------+-------------------+-----
Staves         | 1 2 4 5 6 |  6.9
Fighting       | |  3.0
Maces & Flails | |  2.6
Dodging        | |  2.6
Stealth        | |  1.7

Action                   |  1- 3 |  4- 6 |  7- 9 || total
-------------------------+-------+-------+-------++-------
Melee: Mace              |    64 |   112 |    58 ||   234
  Use: Potion            |     1 |     3 |     5 ||     9
 Stab: Sleeping          |     3 |       |       ||     3
Armor: Robe              |     6 |       |       ||     6
       Plate armour      |    25 |    82 |    35 ||   142
Dodge: Dodged            |    26 |    14 |     9 ||    49

Levels and vault maps discovered:
D:1:      minmay_arrival_diagonal_passages, layout_basic,
          kennysheep_another_room, minmay_misc_feat_chi,
          minmay_gold_behind_fungi, minmay_crystal_room, minmay_crystal_water,
          minmay_misc_feat_hallway
D:2:      layout_loops_ring, elyvilon_altar_3
D:3:      layout_rooms, gammafunk_ghost_necromancy, st_stairs_7,
          chequers_big_river, palyth_stone_intersect, columned_hall_lemuel
D:4:      minmay_recursive_quarters, layout_rooms, kennysheep_nub,
          solitary_fountain, serial_bayou_pond_b
